 Dungeon Crawl Stone Soup version 0.30-a0-358-g0d69a1922f (webtiles) character file.

Game seed: 17098662115195940527

40344 Bnni the Impaler (level 14, -9/116 HPs)
             Began as a Formicid Fighter on Nov 10, 2022.
             Was a Follower of Yredelemnul.
             Mangled by a tengu warrior
             ... wielding a +0 great sword
              (28 damage)
             ... on level 15 of the Dungeon.
             The game lasted 00:39:00 (17334 turns).

Bnni the Impaler (Formicid Fighter)                Turns: 17334, Time: 00:39:00

Health: -9/116     AC: 18    Str: 24    XL:     14   Next: 44%
Magic:  23/23      EV:  8    Int: 10    God:    Yredelemnul [*.....]
Gold:   828        SH: 17    Dex: 13    Spells: 13/13 levels left

rFire   + . .      SeeInvis +    d - +1 scythe (vamp)
rCold   + . .      Faith    .    K - +0 tower shield
rNeg    . . .      Spirit   .    J - +2 scale mail {rF+}
rPois   .          Reflect  .    (helmet unavailable)
rElec   .          Harm     .    D - +0 cloak
rCorr   .          Rampage  .    F - +2 pair of gloves
Will    +....                    t - +0 pair of boots
Stlth   ..........               (no amulet)
HPRegen 0.39/turn                i - +4 ring of protection
MPRegen 0.18/turn                u - ring of protection from cold

@: mighty
A: permanent stasis, dig shafts and tunnels, antennae 3, four strong arms
a: Dig, Shaft Self, Renounce Religion, Recall Undead Harvest


You were on level 15 of the Dungeon.
You worshipped Yredelemnul.
Yredelemnul was pleased with you.
You visited 1 branch of the dungeon, and saw 15 of its levels.

You collected 1174 gold pieces.
You spent 346 gold pieces at shops.

Inventory:

Hand Weapons
 c - the +3 woodcutter's axe {vorpal}
   (You took it off a gnoll bouda on level 8 of the Dungeon)

   It inflicts extra damage upon your enemies.
 d - a +1 vampiric scythe (weapon)
 j - a +2 vorpal bardiche
 E - a +4 halberd
 N - a +3 scimitar of flaming
Missiles
 a - 41 poisoned darts
 m - 6 silver boomerangs
 n - a throwing net
 v - 11 curare-tipped darts (quivered)
Armour
 t - a +0 pair of boots (worn)
 D - a +0 cloak (worn)
 F - a +2 pair of gloves (worn)
 J - a +2 scale mail of fire resistance (worn)
 K - a +0 tower shield (worn)
Jewellery
 i - a +4 ring of protection (left hand)
 k - a ring of positive energy
 u - a ring of protection from cold (right hand)
 L - a ring of protection from fire
 M - a ring of ice
Wands
 b - a wand of mindburst (9)
 s - a wand of iceblast (14)
 x - a wand of light (17)
 I - a wand of flame (18)
Scrolls
 e - 6 scrolls of vulnerability
 l - 4 scrolls of magic mapping
 p - a scroll of fear
 r - 2 scrolls of poison
 y - 4 scrolls of immolation
 B - 2 scrolls of amnesia
 C - 2 scrolls of silence
Potions
 f - a potion of resistance {unknown}
 g - 3 potions of attraction
 o - 2 potions of ambrosia
 q - 4 potions of curing
 z - 3 potions of brilliance
 A - 4 potions of flight
 H - a potion of magic


   Skills:
 + Level 12.8 Fighting
 * Level 16.0 Polearms
 - Level 3.2 Armour
 + Level 12.4 Shields
 + Level 13.0 Invocations


You had 13 spell levels left.
You didn't know any spells.
Your spell library contained the following spells:

 Spells                   Type           Power      Damage    Failure   Level
 Magic Dart               Conj           0%         1d3       97%         1
 Sandblast                Erth           0%         2d4       97%         1
 Shock                    Conj/Air       0%         1d3       97%         1
 Call Imp                 Summ           0%         N/A       99%         2
 Cigotuvi's Dreadful Rot  Necr/Pois/Air  0%         N/A       99%         2
 Momentum Strike          Conj/Tloc      0%         3d8       99%         2
 Passwall                 Tmut/Erth      0%         N/A       99%         2
 Poisonous Vapours        Pois/Air       0%         N/A       99%         2
 Static Discharge         Conj/Air       0%         2-2/arc   99%         2
 Gell's Gravitas          Tloc           0%         N/A       100%        3
 Lesser Beckoning         Tloc           0%         N/A       100%        3
 Mephitic Cloud           Conj/Pois/Air  0%         N/A       100%        3
 Stone Arrow              Conj/Erth      0%         3d7       100%        3
 Teleport Other           Tloc           0%         N/A       100%        3
 Vhi's Electric Charge    Tloc/Air       0%         N/A       100%        3
 Airstrike                Air            0%         2d(0-16)  100%        4
 Anguish                  Hex/Necr       0%         N/A       100%        4
 Arcjolt                  Conj/Air       0%         1d10      100%        5
 Lightning Bolt           Conj/Air       0%         1d11      100%        5
 Dispersal                Tloc           0%         N/A       100%        6
 Enfeeble                 Hex            0%         N/A       100%        7
 Malign Gateway           Summ/Tloc      0%         N/A       100%        7
 Summon Horrible Things   Summ           0%         N/A       100%        8
 Blink                    Tloc           Unusable   N/A       N/A         2
 Swiftness                Air            Unusable   N/A       N/A         3

Dungeon Overview and Level Annotations

Branches:
Dungeon (15/15)            Temple (0/1) D:5            Lair (0/5) D:8
    Orc (0/2) D:10         Vaults (0/5) D:13         Depths (0/4) D:15

Altars:
Ashenzari
Elyvilon
Fedhas
Gozag
Nemelex Xobeh
Okawaru
Ru
Sif Muna
Trog
Uskayaw
Yredelemnul
Zin
The Shining One

Shops:
D:1 [   D:4 !*   D:12 [

Portals:
Trove: D:15 (give 18 potions of curing)

Annotations:
D:10 2 runed translucent doors, LetschGu's ghost, journeyman TrTm
D:15 1 transporter, Yxtef's ghost, journeyman DsFi


Innate Abilities, Weirdness & Mutations

You cannot be hasted, slowed, berserked, paralysed or teleported.
You can dig through walls and to a lower floor.
You have a pair of large antennae on your head. (SInv)
Your four strong arms can wield two-handed weapons with a shield.


Message History

The moth of wrath goads the tengu warrior on!
The tengu warrior goes berserk!
The tengu warrior hits you but does no damage.
You block the tengu warrior's attack. x2
You slice the two-headed ogre!!
You feel better.
You kill the two-headed ogre!
The dead are walking!
You block Yxtef's ghost's attack.
The tengu warrior hits you with a +0 great sword.
The tengu warrior pecks you!
The tengu warrior claws you but does no damage.
Your Invocations skill increases to level 13!
You slice the tengu warrior!!
The tengu warrior is moderately wounded.
You block the tengu warrior's attack. The tengu warrior pecks you.
The tengu warrior claws you. You block Yxtef's ghost's attack.
Unknown command.
You barely miss the tengu warrior.
The tengu warrior is moderately wounded.
You block the tengu warrior's attack. The tengu warrior closely misses you.
The tengu warrior claws you but does no damage.
The moth of wrath bites you!
* * * LOW HITPOINT WARNING * * *
Your two-headed ogre zombie hits the tengu warrior.
Your two-headed ogre zombie hits the tengu warrior but does no damage.
Yxtef's ghost hits you but does no damage.
You are electrocuted!
* * * LOW HITPOINT WARNING * * *
The tengu warrior completely misses your two-headed ogre zombie.
The tengu warrior pecks your two-headed ogre zombie.
The tengu warrior claws your two-headed ogre zombie!
Throw: throwing net
Press: ? - help, Shift-Dir - straight line, f - tengu warrior
Aim: a tengu warrior, wielding a +0 great sword and wearing a +1 leather armour of cold resistance (moderately wounded, berserk, not watching you, ally target, 41% to hit)
Okay, then.
You hit the tengu warrior.
You feel better.
The tengu warrior is heavily wounded.
You block the moth of wrath's attack. Yxtef's ghost closely misses you.
The tengu warrior hits you with a +0 great sword!!
You die...
Your body rises from the dead as a mindless zombie.

#..###Z.#.##.................#
##.##...##.#..####............#
##..##Z####...## #...#.###...##
#..##..####..## #.....###.#.###
..##..###....######.........#....
..)..###..##.##.....###.....####.
#######..###.....©............##.
#.###....#####..........###
###.##...###@yZ###...........
##...##.)###W#Q...##........#.
##.Z###...#.)##.....#...####...
###..## #..##..#≈#....##..# ##.)
#...## #..#..##.......#..# #..
..#######..#....$_)##..#..# #..
...........#.###?.§§#..#..# #..
#######.#..##.#≈#..##.##..# ##.
#.#...#####....##...# #..


You could see a tengu warrior (berserk, ally target), a moth of wrath, Yxtef's
ghost and a friendly two-headed ogre zombie.

Vanquished Creatures
  An orc warlord (D:15)
  4 vault guards (D:13)
  Harold (D:9)
  3 centaur warriors
  A boulder beetle (D:13)
  4 two-headed ogres
  2 tengu warriors
  2 wizards
  3 cyclopes
  An orc sorcerer (D:15)
  4 deep elf pyromancers
  3 ugly things
  3 manticores
  The ghost of mertasd123 the Ducker, a novice GnMo (D:5)
  3 gargoyles
  Maggie (D:9)
  2 efreet
  Psyche (D:9)
  A komodo dragon (D:12)
  2 kobold demonologists
  A guardian mummy (D:15)
  A troll (shapeshifter) (D:14)
  2 hornets
  2 trolls
  A tarantella (shapeshifter) (D:13)
  7 slime creatures (D:13)
  2 shadows
  Sigmund (D:3)
  5 wraiths
  Eustachio (D:6)
  3 yaks (D:9)
  2 basilisks
  9 vampire mosquitoes (D:14)
  An acid dragon (D:12)
  5 orc warriors
  An ice beast (D:8)
  A black bear (D:5)
  5 ogres
  13 centaurs
  A phantom (D:5)
  5 kobold brigands
  5 bullfrogs
  6 gnoll sergeants
  2 scorpions
  6 wights
  4 killer bees (D:9)
  8 howler monkeys
  2 jellies
  5 orc priests
  3 gnoll boudas
  2 iguanas
  9 orc wizards
  14 gnolls
  8 adders
  A shadow imp (D:6)
  3 white imps
  An ufetubus (D:4)
  2 worms
  2 dart slugs
  23 orcs
  4 bats
  7 endoplasms
  3 giant cockroaches
  9 goblins
  5 hobgoblins
  2 jackals (D:4)
  26 kobolds
  3 quokkas
  16 ball pythons
  2 frilled lizards
  7 rats
  A spectral orc (D:3)
303 creatures vanquished.

Vanquished Creatures (collateral kills)
  An ettin (D:15)
  Erolcha (D:9)
  A centaur warrior (D:11)
  A two-headed ogre (D:12)
  A tengu warrior (D:14)
  The ghost of Engwar the Conjurer, a novice DrFE (D:7)
  A necromancer (D:15)
  4 deep elf pyromancers
  2 slime creatures (D:13)
  An ugly thing (D:13)
  A black mamba (shapeshifter) (D:13)
  A gargoyle (D:14)
  An efreet (D:15)
  A freezing wraith (D:15)
  A troll (D:12)
  A vampire (D:11)
  6 yaks
  5 vampire mosquitoes (D:14)
  A water moccasin (D:9)
  2 kobold brigands
  A scorpion (D:6)
  A killer bee (D:9)
  2 howler monkeys
  A gnoll (D:5)
  A shadow imp (D:8)
  2 worms (D:3)
  A dart slug (D:5)
  2 orcs
  A quokka (D:5)
  2 kobolds (D:7)
48 creatures vanquished.

Vanquished Creatures (others)
  A rakshasa (D:15)
  2 human zombies (D:13)
  A slime creature (D:13)
  A boulder beetle zombie (D:13)
  An ettin zombie (D:15)
  A black mamba zombie (D:13)
  A slime creature zombie (D:13)
  A two-headed ogre zombie (D:15)
  A spectral efreet (D:13)
  An elf zombie (D:13)
  2 vampire mosquito zombies (D:14)
  A cyclops zombie (D:13)
  A bullfrog zombie (D:8)
  3 centaur zombies
  2 basilisk zombies
  2 ogre zombies (D:7)
  A howler monkey zombie (D:12)
  3 gnoll zombies
  8 kobold zombies
  17 orc zombies
  A quokka zombie (D:5)
  3 fungi (D:8)
  13 plants
68 creatures vanquished.

Grand Total: 419 creatures vanquished

Notes
Turn   | Place    | Note
-------+----------+-------------------------------------------
     0 | D:1      | Bnni the Formicid Fighter began the quest for the Orb.
     0 | D:1      | Reached XP level 1. HP: 18/18 MP: 1/1
   185 | D:1      | Reached XP level 2. HP: 24/24 MP: 2/2
   201 | D:1      | Found Evowamm's Armour Boutique.
   641 | D:1      | Reached XP level 3. HP: 23/29 MP: 3/3
  1190 | D:2      | Reached skill level 3 in Polearms
  1575 | D:2      | You fall into a shaft and drop 2 floors!
  1588 | D:4      | Reached XP level 4. HP: 34/37 MP: 4/4
  1732 | D:3      | Found a faded altar of an unknown god.
  1823 | D:3      | Reached XP level 5. HP: 42/42 MP: 5/5
  1907 | D:3      | Found a hide-covered altar of Uskayaw.
  1911 | D:3      | Noticed Sigmund
  1917 | D:3      | Killed Sigmund
  1918 | D:3      | Reached skill level 5 in Polearms
  1918 | D:3      | Reached skill level 5 in Shields
  1918 | D:3      | Reached XP level 6. HP: 34/49 MP: 6/6
  2125 | D:3      | Found a basalt altar of Yredelemnul.
  2132 | D:3      | Became a worshipper of Yredelemnul the Dark
  2148 | D:3      | Found a white marble altar of Elyvilon.
  2148 | D:3      | Found an opulent altar of Gozag.
  2187 | D:3      | Reached * piety under Yredelemnul
  2531 | D:3      | Reached ** piety under Yredelemnul
  3172 | D:4      | Found Gopri's General Store.
  3189 | D:4      | Bought 3 curare-tipped darts for 25 gold pieces
  3190 | D:4      | Found Zaadwuil's Distillery.
  3200 | D:4      | Bought a potion of heal wounds for 60 gold pieces
  3200 | D:4      | Bought a potion of curing for 36 gold pieces
  3200 | D:4      | Bought a potion of heal wounds for 60 gold pieces
  3485 | D:4      | Reached skill level 1 in Invocations
  3553 | D:4      | Reached skill level 5 in Fighting
  3748 | D:4      | Found a blossoming altar of Fedhas.
  3817 | D:5      | Entered Level 5 of the Dungeon
  3846 | D:5      | Noticed mertasd123's ghost (novice GnMo)
  3862 | D:5      | Noticed a black bear
  3868 | D:5      | Killed a black bear
  3869 | D:5      | Reached XP level 7. HP: 48/56 MP: 6/8
  3966 | D:5      | Reached skill level 6 in Polearms
  4145 | D:5      | Found a staircase to the Ecumenical Temple.
  4208 | D:5      | Found a transporter.
  4222 | D:5      | Found a transporter.
  4709 | D:5      | Killed mertasd123's ghost
  4710 | D:5      | Reached skill level 7 in Polearms
  4710 | D:5      | Reached XP level 8. HP: 64/64 MP: 8/10
  5076 | D:6      | Reached XP level 9. HP: 51/71 MP: 12/12
  5249 | D:6      | Reached skill level 8 in Polearms
  5249 | D:6      | Reached skill level 5 in Invocations
  5300 | D:6      | Noticed Eustachio
  5313 | D:6      | Killed Eustachio
  5444 | D:6      | Found a broken altar of Ashenzari.
  5467 | D:6      | Found a glowing golden altar of the Shining One.
  6073 | D:7      | Found a transporter.
  6074 | D:7      | Found a transporter.
  6075 | D:7      | Noticed Engwar's ghost (novice DrFE)
  6077 | D:7      | Identified the +10 giant club of the Keeping Genius
                  | {vorpal, Int+2}
  6106 | D:7      | Reached skill level 9 in Polearms
  6139 | D:7      | Killed Engwar's ghost
  6140 | D:7      | Reached XP level 10. HP: 68/80 MP: 10/15
  6493 | D:7      | Reached skill level 10 in Polearms
  6506 | D:7      | HP: 2/75 [wight/+3 battleaxe (6)]
  7482 | D:8      | Found a sacrificial altar of Ru.
  7515 | D:8      | Found a sparkling altar of Nemelex Xobeh.
  7598 | D:8      | Found an iron altar of Okawaru.
  7678 | D:8      | Found a staircase to the Lair.
  7698 | D:8      | Noticed a gargoyle
  7716 | D:8      | Killed a gargoyle
  8293 | D:1      | Bought a +2 pair of gloves for 165 gold pieces
  8524 | D:8      | Reached skill level 11 in Polearms
  9266 | D:9      | Noticed Psyche
  9279 | D:9      | Killed Psyche
  9289 | D:9      | Reached XP level 11. HP: 89/89 MP: 17/17
  9650 | D:9      | Noticed Maggie
  9656 | D:9      | Killed Maggie
  9813 | D:9      | Reached *** piety under Yredelemnul
  9943 | D:9      | Noticed Erolcha
  9949 | D:9      | Killed Erolcha
 10003 | D:9      | Reached skill level 12 in Polearms
 10336 | D:10     | Entered Level 10 of the Dungeon
 10356 | D:10     | Noticed a soul eater
 10362 | D:10     | Noticed Harold
 10374 | D:10     | Noticed a sun demon
 10581 | D:10     | Noticed a sixfirhy
 10708 | D:10     | Noticed a sixfirhy
 10844 | D:9      | Noticed a sun demon
 10847 | D:9      | Noticed a soul eater
 10863 | D:9      | Killed Harold
 10864 | D:9      | Reached skill level 10 in Fighting
 11151 | D:10     | Found a staircase to the Orcish Mines.
 11152 | D:10     | Noticed a two-headed ogre
 11163 | D:10     | Killed a two-headed ogre
 11436 | D:10     | Found a runed translucent door.
 11437 | D:10     | Noticed a skeletal warrior
 11437 | D:10     | Noticed a lich
 11437 | D:10     | Noticed a necromancer
 11437 | D:10     | Noticed a deep elf knight
 11439 | D:10     | Noticed LetschGu's ghost (journeyman TrTm)
 11440 | D:10     | Noticed a cyclops
 11444 | D:10     | Found a runed translucent door.
 11727 | D:11     | Noticed a red ugly thing
 11741 | D:11     | Killed a red ugly thing
 11887 | D:11     | Noticed a manticore
 11892 | D:11     | Killed a manticore
 11893 | D:11     | Reached XP level 12. HP: 97/97 MP: 19/19
 11926 | D:11     | Noticed a centaur warrior
 11935 | D:11     | Killed a centaur warrior
 11936 | D:11     | Reached skill level 10 in Invocations
 12327 | D:11     | Noticed a two-headed ogre
 12336 | D:11     | Killed a two-headed ogre
 12337 | D:11     | Reached skill level 13 in Polearms
 12502 | D:11     | Reached **** piety under Yredelemnul
 12727 | D:12     | Noticed a two-headed ogre
 12739 | D:12     | Killed a two-headed ogre
 12989 | D:12     | Found Xaurappi's Armour Boutique.
 13550 | D:13     | Noticed a boulder beetle
 13579 | D:13     | Killed a boulder beetle
 13726 | D:13     | Found a gate to the Vaults.
 13726 | D:13     | Noticed a vault guard
 13726 | D:13     | Noticed a vault guard
 13726 | D:13     | Noticed a vault guard
 13726 | D:13     | Noticed a fire crab
 13726 | D:13     | Noticed a vault guard
 13733 | D:13     | a fire crab changed into a salamander
 13744 | D:13     | Reached skill level 14 in Polearms
 13748 | D:13     | Reached XP level 13. HP: 86/101 MP: 21/21
 13753 | D:13     | Killed a vault guard
 13754 | D:13     | Reached skill level 10 in Shields
 13769 | D:13     | Killed a vault guard
 13777 | D:13     | Killed a vault guard
 13812 | D:13     | Killed a vault guard
 15133 | D:14     | Noticed a centaur warrior
 15144 | D:14     | Killed a centaur warrior
 15145 | D:14     | Reached skill level 15 in Polearms
 15201 | D:14     | Noticed a centaur warrior
 15213 | D:14     | Killed a centaur warrior
 15767 | D:14     | Found a bloodstained altar of Trog.
 15799 | D:14     | Identified the +1 rapier of Frustration {flame, rC+ rCorr
                  | Int+4 Dex+3}
 15836 | D:14     | Identified the +0 robe of Indemnity {Str+3}
 15871 | D:14     | Reached XP level 14. HP: 98/116 MP: 23/23
 15966 | D:14     | Found a glowing silver altar of Zin.
 15966 | D:14     | Found a glowing golden altar of the Shining One.
 15967 | D:14     | Found a white marble altar of Elyvilon.
 16101 | D:15     | Entered Level 15 of the Dungeon
 16375 | D:15     | Found a shimmering blue altar of Sif Muna.
 16424 | D:15     | Found a portal to a secret trove of treasure.
 16549 | D:15     | Noticed Yxtef's ghost (journeyman DsFi)
 16550 | D:15     | Found a bloodstained altar of Trog.
 16551 | D:15     | Noticed an orc warlord
 16611 | D:15     | Found a transporter.
 16616 | D:15     | Found a transporter.
 16738 | D:15     | Identified the +0 robe of Slovenliness {rElec rCorr Str-2
                  | Archmagi}
 17125 | D:15     | Found a staircase to the Depths.
 17292 | D:15     | Killed an orc warlord
 17293 | D:15     | Reached skill level 16 in Polearms
 17334 | D:15     | Mangled by a tengu warrior

Illustrated notes

Levels and vault maps discovered:
D:1:      onia_arrival_mini_spirals, layout_loops_corners, serial_shops,
          nicolae_diamond_shop
D:2:      layout_basic
D:3:      layout_loops_ring, yredelemnul_forgotten_temple_becter,
          mainiacjoe_overflow_small_starburst,
          mainiacjoe_overflow_catch_the_wave, cheibrodos_sewer_entry_bend,
          nicolae_ecumenical_snake_handling, st_stairs_6, minmay_distorted,
          uniq_sigmund
D:4:      minmay_spotlight, layout_cave_pools, fedhas_altar_fruit_tree,
          serial_shops, nicolae_shop_temple_entry_statues_fountains, shop_coins,
          minmay_unequal
D:5:      layout_basic, lemuel_temple_firewalk_b, gammafunk_ghost_arena
D:6:      layout_basic, mainiacjoe_overflow_swirl, wad_floor_pattern_1,
          kennysheep_generic_room_9, uniq_eustachio
D:7:      layout_layer_cave, gammafunk_ghost_smash, kennysheep_pointless_box
D:8:      layout_basic, nemelex_xobeh_ov_fountains_minmay,
          mainiacjoe_overflow_brackets, mainiacjoe_overflow_chevrons,
          dpeg_oklobed_lair, serial_corexii_hall, chequers_hall_statues_y,
          chequers_hall_statues_wall_a, grunt_decor_junction, st_stairs_3,
          pf_guarded_unrand_woodcutter
D:9:      layout_basic, uniq_erolcha, uniq_psyche, uniq_maggie
D:10:     layout_rooms, david_orc_2, muffindrake_ghost_dual_entry, minivault_26,
          minmay_circle_x, uniq_harold
D:11:     layout_basic
D:12:     layout_cave_pools, serial_shops, nicolae_shop_trees,
          minmay_unpleasant_kobolds
D:13:     layout_basic, lightli_vaults_fourway_checkpoint,
          gauntlet_entry_generic, grunt_decor_mini_mirrors
D:14:     layout_roguey, good_gods_temple_1, minmay_holes, bloody_trog
D:15:     hangedman_depths_entry_civil_slaughter, layout_rooms,
          nicolae_trove_entry_path_of_doom, gammafunk_ghost_wrathful_warriors,
          st_stairs_7, led_sif_pool

Skill      XL: |  1  2  3  4  5  6  7  8  9 10 11 12 13 14 |
---------------+-------------------------------------------+-----
Polearms       | 3 5 7 9 11 12 14 15 16 | 16.0
Fighting       | 4 5 6 8 9 10 11 12 | 12.8
Shields        | 5 8 9 11 12 | 12.4
Invocations    | 1 3 4 6 8 9 11 12 13 | 13.0
Armour         | |  3.2

Action                   |  1- 3 |  4- 6 |  7- 9 | 10-12 | 13-15 || total
-------------------------+-------+-------+-------+-------+-------++-------
Melee: Trident           |   102 |    80 |       |       |       ||   182
       Halberd           |       |   100 |   175 |   568 |   415 ||  1258
       Battleaxe         |       |       |       |    18 |     6 ||    24
Throw: Throwing net      |       |       |       |     3 |     3 ||     6
       Dart              |       |       |       |     2 |     3 ||     5
Invok: Recall Undead Har |       |       |     2 |     1 |       ||     3
       Dark Bargain      |       |       |     2 |     4 |     6 ||    12
 Abil: Dig               |       |       |       |     2 |       ||     2
Evoke: Wand              |       |       |       |       |     4 ||     4
  Use: Potion            |       |     1 |     1 |     3 |    17 ||    22
       Scroll            |       |       |    10 |    10 |     7 ||    27
 Stab: Distracted        |       |       |     1 |     2 |     3 ||     6
       Held in net/web   |       |       |       |     1 |       ||     1
       Invisible         |       |       |       |       |     2 ||     2
Armor: Scale mail        |    27 |    77 |    32 |    64 |   169 ||   369
       Skin              |       |       |    21 |       |     8 ||    29
       Plate armour      |       |       |    44 |   157 |       ||   201
       Swamp dragon scal |       |       |       |    56 |       ||    56
Dodge: Dodged            |    35 |    76 |    53 |   117 |    81 ||   362
Block: Buckler           |    18 |    44 |    29 |    36 |       ||   127
       Kite shield       |       |       |       |   104 |       ||   104
       Tower shield      |       |       |       |   160 |   292 ||   452

Table legend: (Time is in decaauts)
 A = Elapsed time spent in this place.
 B = Non-inter-level travel time spent in this place.
 C = Inter-level travel time spent in this place.
 D = Time resting spent in this place.
 E = Time spent auto-exploring this place.
 F = Levels seen in this place.
 G = Mean time per level.
                   A        B        C        D        E       F      G
               +--------+--------+--------+--------+--------+-----+--------+
         Total |  17433 |  16486 |    947 |   1087 |  12377 |  15 | 1162.2 |
       Dungeon |  17433 |  16486 |    947 |   1087 |  12377 |  15 | 1162.2 |
               +--------+--------+--------+--------+--------+-----+--------+

Top non-repeatable levels by time:
     D:7: 1910 daAuts
     D:9: 1613 daAuts
    D:13: 1589 daAuts
     D:8: 1325 daAuts
     D:2: 1258 daAuts
    D:15: 1218 daAuts
     D:3: 1026 daAuts
     D:6: 1020 daAuts
     D:5: 1005 daAuts
     D:1: 997 daAuts
    D:11: 988 daAuts
    D:14: 964 daAuts
    D:10: 885 daAuts
    D:12: 835 daAuts
     D:4: 794 daAuts
